 Dungeon Crawl Stone Soup version 0.26.0-10-g1f06aea511 (webtiles) character file.

Game seed: 11362833504612696315

27269 Arum the Fighter (level 13, -1/111 HPs)
             Began as a Formicid Fighter on Jan 17, 2021.
             Was a High Priest of the Shining One.
             Slain by a ten-headed hydra (2 damage)
             ... on level 14 of the Dungeon.
             The game lasted 00:32:16 (17196 turns).

Arum the Fighter (Formicid Fighter)                Turns: 17196, Time: 00:32:16

Health: -1/111     AC: 19    Str: 33    XL:     13   Next: 64%
Magic:  13/13      EV:  9    Int:  7    God:    the Shining One [*****.]
Gold:   848        SH: 13    Dex: 10    Spells: 12/12 levels left

rFire    + . .     SeeInvis +   J - +5 sword of Power {vorpal}
rCold    . . .     Faith    .   c - +1 kite shield
rNeg     + + .     Spirit   .   s - +2 chain mail {rF+}
rPois    .         Reflect  .   (helmet unavailable)
rElec    .         Harm     .   A - +0 cloak
rCorr    .         Rampage  .   Q - +0 pair of gloves
Will     +....                  w - +1 pair of boots
Stlth    ..........             (no amulet)
HPRegen  0.28/turn              I - +6 ring of strength
MPRegen  0.13/turn              z - ring of teleportation (curse)

@: glowing
A: permanent stasis, dig shafts and tunnels, four strong arms, antennae 3
a: Dig, Shaft Self, Renounce Religion, Divine Shield, Cleansing Flame, Summon
Divine Warrior


You were on level 14 of the Dungeon.
You worshipped the Shining One.
The Shining One was extremely pleased with you.
You visited 2 branches of the dungeon, and saw 15 of its levels.
You also visited: Sewer and Ossuary.

You collected 848 gold pieces.

Inventory:

Hand Weapons
 a - a +1 quarterstaff
 J - the +5 sword of Power (weapon) {vorpal}
   (You found it on level 10 of the Dungeon)

   It inflicts extra damage upon your enemies.
Missiles
 b - 4 silver javelins
 y - 6 javelins
 B - a throwing net
Armour
 c - a +1 kite shield (worn)
 s - a +2 chain mail of fire resistance (worn)
 w - a +1 pair of boots (worn)
 A - a +0 cloak (worn)
 Q - a +0 pair of gloves (worn)
Jewellery
 m - an uncursed ring of resist corrosion
 z - a cursed ring of teleportation (right hand)
 G - an uncursed amulet of magic regeneration
 I - a +6 ring of strength (left hand)
Wands
 u - a wand of flame (28)
 v - a wand of enslavement (11)
 D - a wand of iceblast (10)
 N - a wand of polymorph (10)
Scrolls
 f - 4 scrolls of fog
 g - 8 scrolls of identify
 n - 14 scrolls of remove curse
 p - a scroll of blinking
 r - 2 scrolls of fear
 C - a scroll of noise
 F - a scroll of vulnerability
 K - a scroll of amnesia
 L - 4 scrolls of holy word
 M - a scroll of magic mapping
 O - a scroll of summoning
 P - a scroll of enchant weapon
 R - a scroll of enchant armour
 T - a scroll of immolation
Potions
 d - 6 potions of might
 e - 7 potions of curing
 h - 4 potions of heal wounds
 i - 2 potions of flight
 j - 3 potions of lignification
 k - 4 potions of mutation
 l - 7 potions of attraction
 o - 4 potions of magic
 q - 4 potions of cancellation
 t - 6 potions of brilliance
 x - 5 potions of resistance
 S - 2 potions of haste {unknown}
Miscellaneous
 E - a phial of floods
 H - a tin of tremorstones (2/2)


   Skills:
 + Level 13.3 Fighting
 * Level 9.2 Long Blades
 - Level 10.6 Staves
 + Level 12.0 Armour
 - Level 9.0 Shields


You had 12 spell levels left.
You didn't know any spells.
Your spell library contained the following spells:

 Spells                   Type           Power        Failure   Level
 Animate Skeleton         Necr           0%           83%         1
 Beastly Appendage        Tmut           0%           83%         1
 Corona                   Hex            0%           83%         1
 Magic Dart               Conj           0%           83%         1
 Pain                     Necr           0%           83%         1
 Call Imp                 Summ           0%           92%         2
 Ensorcelled Hibernation  Hex/Ice        0%           92%         2
 Slow                     Hex            0%           92%         2
 Wereblood                Tmut           0%           92%         2
 Confusing Touch          Hex            0%           99%         3
 Conjure Flame            Conj/Fire      0%           99%         3
 Dazzling Flash           Conj/Hex       0%           99%         3
 Gell's Gravitas          Tloc           0%           99%         3
 Mephitic Cloud           Conj/Pois/Air  0%           99%         3
 Spider Form              Tmut/Pois      0%           99%         3
 Tukima's Dance           Hex            0%           99%         3
 Vampiric Draining        Necr           0%           99%         3
 Animate Dead             Necr           0%           100%        4
 Ice Form                 Ice/Tmut       0%           100%        4
 Petrify                  Tmut/Erth      0%           100%        4
 Agony                    Necr           0%           100%        5
 Blade Hands              Tmut           0%           100%        5
 Metabolic Englaciation   Hex/Ice        0%           100%        5
 Yara's Violent Unravell  Hex/Tmut       0%           100%        5
 Blink                    Tloc           Unusable     N/A         2

Dungeon Overview and Level Annotations

Branches:
Dungeon (14/15)            Temple (1/1) D:5            Lair (0/6) D:10
    Orc (0/2) D:10          Sewer (visited)         Ossuary (visited)
 Vaults: D:13-14

Altars:
Ashenzari
Cheibriados
Dithmenos
Elyvilon
Fedhas
Gozag
Hepliaklqana
Kikubaaqudgha
Makhleb
Nemelex Xobeh
Okawaru
Qazlal
Ru
Sif Muna
Trog
Uskayaw
Vehumet
Wu Jian
Xom
Yredelemnul
Zin
The Shining One

Shops:
D:10 [

Annotations:
D:7 5 runed translucent doors
D:10 1 runed translucent door


Innate Abilities, Weirdness & Mutations

You cannot be hasted, slowed, berserked, paralysed or teleported.
You can dig through walls and to a lower floor.
Your four strong arms can wield two-handed weapons with a shield.
You have a pair of large antennae on your head. (SInv)


Message History

Unknown command.
Are you sure you want to shaft yourself?
You block the ten-headed hydra's attack.
The ten-headed hydra bites you but does no damage.
The ten-headed hydra bites you!
* * * LOW HITPOINT WARNING * * *
You block the ten-headed hydra's attack.
The ten-headed hydra bites you but does no damage.
The ten-headed hydra bites you.
* * * LOW HITPOINT WARNING * * *
The ten-headed hydra barely misses you.
You block the ten-headed hydra's attack. x2
The ten-headed hydra bites you but does no damage.
You begin to dig a shaft.
You continue digging a shaft.
You block the wyvern skeleton's attack.
You block the ten-headed hydra's attack.
The ten-headed hydra completely misses you.
The ten-headed hydra bites you but does no damage.
The ten-headed hydra bites you.
You die...

#....##..## #..#
##....##..# #..#
##.......## #..#
##.......## ##..#
#........####...#
##..###.....##...# #..##
##.......... ##..#
#.......... #.@##
##........# ##ZD#
#[........# ...##.y###
#.......... #.........###
#.......(..
............##....####...
#.........{y....## ###.
#..##.....#....## #.#
###.....#..# #.
###......#


You could see a ten-headed hydra, a queen bee and a wyvern skeleton.

Vanquished Creatures
  Gastronok (D:12)
  Josephine (D:13)
  The ghost of MajorAdolf the Prestidigitator, a journeyman NaWn of Gozag (D:10)
  An ogre mage (D:10)
  Harold (D:7)
  2 centaur warriors
  2 two-headed ogres
  An unseen horror (D:10)
  An orc knight (D:10)
  A wizard (D:14)
  3 ugly things
  Pikel (D:5)
  2 deep elf magi
  3 cyclopes
  A manticore (D:11)
  3 gargoyles
  A kobold demonologist (D:14)
  Maggie (D:7)
  A komodo dragon (D:13)
  A hornet (D:12)
  21 yaks
  A vampire (D:13)
  4 shadows
  A wyvern (D:11)
  12 wraiths
  2 steam dragons (D:11)
  A vampire mosquito (D:10)
  Menkaure (Ossuary)
  Edmund (D:5)
  2 soldier ants (D:13)
  A water moccasin (D:10)
  An acid dragon (D:13)
  4 orc warriors
  A hornet zombie (D:11)
  7 sky beasts
  2 black bears
  2 eyes of draining
  An ice beast (D:10)
  5 phantoms
  A necrophage (D:13)
  5 ogres
  5 centaurs
  2 big kobolds
  13 bullfrogs
  2 scorpions
  6 wights (D:9)
  3 howler monkeys
  2 centaur zombies
  A bullfrog zombie (D:8)
  2 bullfrog skeletons
  6 hounds
  3 jellies
  A centaur skeleton (D:9)
  3 orc priests
  Crazy Yiuf (D:7)
  14 orc wizards
  An iguana (D:5)
  10 worker ants
  4 mummies
  2 worker ant zombies
  16 adders
  2 shadow imps
  6 white imps
  3 ufetubi
  10 oozes
  3 adder skeletons
  2 worms
  A dart slug (D:3)
  16 leopard geckos
  42 orcs
  6 bats
  17 giant cockroaches
  4 gnoll zombies (Ossuary)
  2 goblins
  5 hobgoblins
  18 jackals
  22 kobolds
  6 quokkas
  24 ball pythons
  11 frilled lizards
  4 gnoll skeletons (Ossuary)
  6 goblin skeletons (Ossuary)
  7 goblin zombies (Ossuary)
  2 hobgoblin skeletons (Ossuary)
  4 hobgoblin zombies (Ossuary)
  A jackal skeleton (D:4)
  3 kobold skeletons (Ossuary)
  4 kobold zombies
  A leopard gecko zombie (D:7)
  5 orc skeletons (Ossuary)
  4 orc zombies
  2 quokka skeletons
  6 rats
  3 rat skeletons (Ossuary)
  4 rat zombies (Ossuary)
458 creatures vanquished.

Vanquished Creatures (others)
  A kobold (D:11)
  2 hobgoblin skeletons (Ossuary)
  13 fungi (D:10)
  17 plants (D:10)
33 creatures vanquished.

Grand Total: 491 creatures vanquished

Notes
Turn   | Place    | Note
-------+----------+-------------------------------------------
     0 | D:1      | Arum the Formicid Fighter began the quest for the Orb.
     0 | D:1      | Reached XP level 1. HP: 18/18 MP: 1/1
   137 | D:1      | Reached XP level 2. HP: 24/24 MP: 2/2
   773 | D:2      | Reached XP level 3. HP: 26/29 MP: 3/3
  1056 | D:2      | Reached XP level 4. HP: 20/37 MP: 4/4
  2147 | D:3      | Reached skill level 4 in Fighting
  2200 | D:3      | Reached XP level 5. HP: 28/42 MP: 5/5
  3306 | D:4      | Noticed an ogre
  3316 | D:4      | Killed an ogre
  3317 | D:4      | Reached skill level 5 in Shields
  3317 | D:4      | Reached XP level 6. HP: 32/49 MP: 6/6
  3606 | D:4      | Got a smouldering leather armour
  3609 | D:4      | Identified the +1 leather armour "Ujoihiuw" {Regen+ Str-2
                  | Dex+8 Stlth+} (You found it on level 4 of the Dungeon)
  3617 | D:4      | Reached XP level 7. HP: 11/55 MP: 7/7
  3632 | D:4      | Found a sand-covered staircase.
  3645 | Ossuary  | Entered an ossuary
  3929 | Ossuary  | Reached skill level 5 in Armour
  4101 | Ossuary  | Reached skill level 5 in Fighting
  4234 | Ossuary  | Noticed Menkaure
  4241 | Ossuary  | Killed Menkaure
  5497 | D:5      | Entered Level 5 of the Dungeon
  5551 | D:5      | Reached XP level 8. HP: 24/64 MP: 8/8
  5563 | D:5      | Reached skill level 6 in Fighting
  5567 | D:5      | HP: 1/64 [shadow imp/nerve-wracking pain (13)]
  5573 | D:5      | Reached skill level 5 in Staves
  6128 | D:5      | Found a burning altar of Makhleb.
  6129 | D:5      | Noticed Pikel
  6168 | D:5      | Killed Pikel
  6169 | D:5      | Reached skill level 7 in Fighting
  6333 | D:5      | Reached XP level 9. HP: 66/72 MP: 9/9
  6580 | D:5      | Found a staircase to the Ecumenical Temple.
  6651 | D:5      | Noticed Edmund
  6666 | Temple   | Entered the Ecumenical Temple
  6905 | Temple   | Became a worshipper of the Shining One
  6936 | D:5      | Killed Edmund
  7786 | D:6      | Found a glowing drain.
  7806 | Sewer    | Entered a sewer
  8747 | D:7      | Reached skill level 8 in Fighting
  8855 | D:7      | Found a runed translucent door.
  8856 | D:7      | Noticed Crazy Yiuf
  8907 | D:7      | Found the +9 staff of Olgreb {rPois∞}
  8911 | D:7      | Found a runed translucent door.
  8916 | D:7      | Found a runed translucent gate.
  8916 | D:7      | Found a runed translucent gate.
  8917 | D:7      | Found a runed translucent door.
  8927 | D:7      | Found a runed translucent gate.
  8939 | D:7      | Reached * piety under the Shining One
  9452 | D:7      | Noticed Maggie
  9479 | D:7      | Killed Maggie
  9561 | D:7      | Reached XP level 10. HP: 79/82 MP: 10/10
  9590 | D:7      | Noticed Harold
  9617 | D:7      | Killed Harold
  9618 | D:7      | Reached skill level 9 in Fighting
  9981 | D:7      | Killed Crazy Yiuf
 10122 | D:8      | Noticed a gargoyle
 10269 | D:8      | Killed a gargoyle
 10780 | D:9      | Reached ** piety under the Shining One
 10936 | D:9      | Noticed a two-headed ogre
 10955 | D:9      | Killed a two-headed ogre
 10956 | D:9      | Reached skill level 10 in Fighting
 11319 | D:9      | Reached XP level 11. HP: 83/91 MP: 11/11
 11747 | D:10     | Entered Level 10 of the Dungeon
 11769 | D:10     | Noticed a white ugly thing
 11790 | D:10     | Killed a white ugly thing
 12059 | D:10     | Found a runed translucent gate.
 12060 | D:10     | Found a runed translucent gate.
 12094 | D:10     | Found a runed translucent gate.
 12100 | D:10     | Noticed a centaur warrior
 12116 | D:10     | Killed a centaur warrior
 12120 | D:10     | Noticed a two-headed ogre
 12151 | D:10     | Killed a two-headed ogre
 12152 | D:10     | Reached skill level 11 in Fighting
 12157 | D:10     | Reached skill level 10 in Staves
 12353 | D:10     | Found a runed translucent door.
 12379 | D:10     | Noticed a purple ugly thing
 12380 | D:10     | Found the +5 sword of Power {vorpal}
 12380 | D:10     | Identified the cursed +2 trident of Owaoprog {vamp, rPois
                  | Will+++ Str+6 Int-4}
 12380 | D:10     | Noticed an ogre mage
 12380 | D:10     | Reached *** piety under the Shining One
 12381 | D:10     | Identified the +4 morningstar "Fessedgho" {drain, *Rage rN+
                  | Will+}
 12381 | D:10     | Noticed a deep elf mage
 12381 | D:10     | Noticed an unseen horror
 12383 | D:10     | Noticed a cyclops
 12383 | D:10     | Noticed an orc knight
 12397 | D:10     | Killed a purple ugly thing
 12418 | D:10     | Killed an orc knight
 12423 | D:10     | Killed an unseen horror
 12430 | D:10     | Killed a deep elf mage
 12435 | D:10     | Killed a cyclops
 12443 | D:10     | Killed an ogre mage
 12444 | D:10     | Reached skill level 10 in Armour
 12444 | D:10     | Reached XP level 12. HP: 39/101 MP: 12/12
 12707 | D:10     | Reached skill level 1 in Long Blades
 12957 | D:10     | Found Ymon's Antique Armour Shop.
 12960 | D:10     | Reached skill level 12 in Fighting
 13295 | D:10     | Found a staircase to the Lair.
 13320 | D:10     | Found a staircase to the Orcish Mines.
 13692 | D:10     | Noticed MajorAdolf's ghost (journeyman NaWn)
 13728 | D:10     | Killed MajorAdolf's ghost
 13967 | D:10     | Reached skill level 5 in Long Blades
 14223 | D:11     | Found a blossoming altar of Fedhas.
 14452 | D:11     | Reached **** piety under the Shining One
 14764 | D:12     | Noticed Gastronok
 14784 | D:12     | Killed Gastronok
 14785 | D:12     | Reached XP level 13. HP: 18/109 MP: 13/13
 15662 | D:13     | Noticed a centaur warrior
 15682 | D:13     | Killed a centaur warrior
 15684 | D:13     | Reached skill level 13 in Fighting
 16797 | D:13     | Noticed Josephine
 16809 | D:13     | Killed Josephine
 16891 | D:13     | Reached ***** piety under the Shining One
 17180 | D:14     | Noticed a four-headed hydra
 17188 | D:14     | Noticed a boulder beetle
 17195 | D:14     | HP: 4/111 [ten-headed hydra (7)]
 17195 | D:14     | HP: 1/111 [ten-headed hydra (3)]
 17196 | D:14     | Slain by a ten-headed hydra

Illustrated notes

Levels and vault maps discovered:
D:1:      psy_arrival_radial02, layout_basic, minmay_pentomino_v4
D:2:      layout_loops_ring
D:3:      layout_basic, st_stairs_11, serial_bayou_pond_e, kennysheep_boxes
D:4:      layout_basic, nicolae_ossuary_entry_giza, kennysheep_generic_room_16
D:5:      layout_gridville, lemuel_doored_altar,
          minmay_temple_entry_glassed_door, nrook_mini_vaults,
          kennysheep_generic_room_5, uniq_edmund, uniq_pikel
D:6:      layout_basic, portal_sewer_entry_f
D:7:      layout_cave_pods, st_stairs_10, minmay_guarded_unrand_staff_of_olgreb,
          uniq_maggie, uniq_harold, uniq_crazy_yiuf_cottage
D:8:      layout_rooms
D:9:      kennysheep_six_static_rooms, layout_irregular_city
D:10:     minmay_the_grid_triangle_9x9_rhombus_thin_mashed
          [minmay_the_grid_triangle_9x9_subtriangle,
          minmay_the_grid_triangle_9x9_prize_center,
          minmay_the_grid_triangle_9x9_sparse_checkered,
          minmay_the_grid_triangle_9x9_descending_squares], layout_grid_maze,
          grunt_lair_entry_orc_guard_hut, gammafunk_ghost_spectres,
          serial_shops, nicolae_shop_waterfront, minmay_fountain_box
D:11:     layout_small_grid, fedhas_altar_2
D:12:     layout_cave_pools, uniq_gastronok
D:13:     layout_irregular_city, uniq_josephine
D:14:     layout_layer_cave, david_vaults_2, minmay_misc_feat_x
Temple:   nicolae_temple_the_god_donut

Skill      XL: |  1  2  3  4  5  6  7  8  9 10 11 12 13 |
---------------+----------------------------------------+-----
Shields        | 4 5 6 7 9 |  9.0
Armour         | 4 5 7 10 11 12 | 12.0
Fighting       | 4 5 7 8 10 11 12 13 | 13.3
Staves         | 3 4 5 7 9 10 | 10.6
Long Blades    | 6 9 |  9.2

Action                   |  1- 3 |  4- 6 |  7- 9 | 10-12 | 13-15 || total
-------------------------+-------+-------+-------+-------+-------++-------
Melee: Quarterstaff      |    68 |   205 |   652 |   355 |       ||  1280
       Great sword       |       |       |       |   150 |   142 ||   292
Invok: Divine Shield     |       |       |       |     1 |       ||     1
 Abil: Dig               |       |     1 |     8 |     1 |       ||    10
       Shaft Self        |       |       |       |       |     1 ||     1
Evoke: Wand              |       |       |       |       |     2 ||     2
  Use: Scroll            |       |     1 |    18 |     9 |       ||    28
       Potion            |       |       |       |     3 |       ||     3
Armor: Scale mail        |    28 |    53 |    54 |       |       ||   135
       Chain mail        |       |       |   159 |   158 |    73 ||   390
Dodge: Dodged            |    24 |    67 |   175 |   100 |    56 ||   422
Block: Kite shield       |    34 |   118 |   404 |   290 |   133 ||   979
       Rpst.: Great sword |       |       |       |    11 |    11 ||    22
